Map: Abyssal Reef LE

Players

SamuraiFunn

  • Race: Protoss Protoss
  • Spawn Location: 5:00

A.I. 1 (Elite) - Winner!

  • Race: Protoss Protoss
  • Spawn Location: 11:00

VOD

Have the link to the VOD?

Description

Time

  • Played on: Nov. 23, 2017, 4:41 p.m.
  • Length: 20:08
Show
View Real Time Build Order
Export as new Build Order

SamuraiFunn Protoss 

Build Orders: Dark Templar Rush 

Get SALT Encoding   

  12  0:01  Probe  
  13  0:13  Probe  
  14  0:19  Pylon  
  14  0:25  Probe  
  15  0:32  Assimilator  
  15  0:38  Probe  
  16  0:48  Gateway  
  16  0:50  Probe  
  17  1:02  Probe  
  17  1:03  Assimilator  
  18  1:14  Probe  
  19  1:26  Probe  
  20  1:37  Cybernetics Core  
  20  1:38  Probe  
  21  1:46  Zealot  
  23  1:50  Pylon  
  23  2:03  Nexus  
  23  2:10  Nexus  
  23  2:21  Twilight Council  
  23  2:32  Probe  
  24  2:39  Warp Gate (Chrono Boost)  
  24  2:44  Probe  
  24  2:48  Adept  
  27  2:56  Pylon  
  27  2:57  Probe  
  28  3:15  Dark Shrine  
  28  3:35  Probe  
  29  3:47  Probe, Gateway  
  29  3:48  Gateway, Pylon  
  30  3:49  Probe  
  30  3:50  Gateway  
  30  3:53  Assimilator  
  31  3:59  Probe  
  31  4:01  Probe  
  33  4:07  Assimilator  
  33  4:11  Probe  
  33  4:13  Probe  
  35  4:21  Pylon  
  35  4:37  Shadow Stride (Chrono Boost)  
  35  4:42  Dark Templar  
  35  4:45  Dark Templar x2  
  41  4:57  Probe x2  
  43  5:01  Dark Templar  
  45  5:11  Probe x2  
  43  5:39  Pylon  
  41  5:51  Dark Templar  
  41  5:52  Dark Templar x3  
  49  5:59  Probe x2  
  51  6:25  Dark Templar x2  
  53  6:26  Dark Templar  
  57  6:38  Dark Templar  
  49  7:13  Dark Templar x3  
  53  7:26  Robotics Facility  
  53  7:30  Zealot  
  53  7:31  Robotics Facility  
  55  7:37  Probe x2  
  57  7:51  Nexus  
  57  7:53  Assimilator  
  57  7:58  Assimilator  
  53  8:00  Pylon  
  53  8:03  Pylon  
  53  8:06  Pylon  
  53  8:08  Dark Templar x3  
  53  8:11  Gateway x2  
  59  8:14  Warp Prism  
  61  8:24  Dark Templar  
  61  8:26  Warp Prism  
  65  8:35  Probe  
  65  8:36  Probe  
  67  8:47  Probe  
  67  8:48  Probe  
  69  8:55  Dark Templar x3  
  75  8:58  Zealot  
  63  11:01  Dark Templar x3  
  63  11:02  Dark Templar  
  65  11:35  Dark Templar x4  
  47  13:01  Stargate  
  47  13:02  Stargate  
  47  13:05  Stargate  
  47  13:06  Stargate  
  47  13:09  Stargate  
  47  13:11  Gateway  
  47  13:13  Gateway, Stalker x4  
  47  13:14  Gateway  
  47  13:15  Stalker  
  57  13:25  Stalker  
  59  13:34  Forge  
  59  13:40  Forge  
  57  13:44  Stalker  
  57  13:45  Stalker  
  57  13:46  Stalker x3  
  59  13:58  Stalker  
  61  14:05  Void Ray x4 (Chrono Boost)  
  77  14:11  Stalker x2  
  77  14:13  Stalker  
  77  14:15  Void Ray (Chrono Boost)  
  81  14:23  Protoss Ground Weapons Level 1  
  77  14:28  Stalker  
  75  14:50  Stalker  
  71  14:59  Void Ray  
  61  15:14  Zealot x4  
  62  15:23  Probe x2  
  60  15:35  Probe  
  61  15:45  Photon Cannon  
  61  15:48  Nexus  
  61  15:57  Photon Cannon  
  59  16:13  Robotics Facility  
  59  16:17  Photon Cannon, Protoss Ground Armor Level 1  
  59  16:21  Photon Cannon  
  59  16:24  Photon Cannon  
  58  17:26  Observer  
  59  17:30  Photon Cannon  
  59  17:47  Observer  
  60  18:00  Nexus  
  60  18:07  Photon Cannon  
  60  18:11  Protoss Shields Level 1  
  60  18:33  Nexus  
  60  18:37  Pylon  
  60  18:40  Pylon  
  60  19:07  Probe x2  
  62  19:17  Assimilator  
  62  19:21  Assimilator  
  62  19:22  Void Ray x2  
  70  19:41  Probe  
  70  19:42  Probe  
  72  19:46  Probe, Gateway  
  72  19:48  Gateway  
  72  19:50  Gateway  
Show
View Real Time Build Order
Export as new Build Order

A.I. 1 (Elite) Protoss - Winner!

Build Orders: Mass Adepts 

Get SALT Encoding   

  12  0:00  Probe  
  13  0:13  Probe  
  14  0:19  Pylon  
  14  0:25  Probe  
  15  0:37  Probe  
  15  0:39  Gateway  
  16  0:47  Assimilator  
  16  0:49  Probe  
  17  1:01  Probe, Pylon  
  18  1:13  Probe  
  19  1:25  Probe  
  19  1:28  Cybernetics Core, Zealot  
  22  1:37  Probe  
  23  1:41  Gateway  
  23  1:50  Probe  
  23  1:52  Pylon  
  24  2:02  Probe, Zealot  
  27  2:09  Warp Gate  
  27  2:14  Probe  
  28  2:26  Probe  
  28  2:28  Adept  
  28  2:29  Adept  
  33  2:36  Gateway  
  33  2:45  Gateway  
  33  2:55  Adept  
  33  2:56  Adept  
  37  3:03  Probe  
  37  3:04  Pylon  
  38  3:22  Adept  
  38  3:23  Adept x2  
  44  3:32  Pylon, Adept  
  46  3:36  Probe  
  47  3:47  Forge  
  47  3:55  Robotics Facility  
  47  4:16  Adept  
  49  4:21  Adept  
  51  4:25  Photon Cannon  
  51  4:29  Stalker  
  51  4:31  Photon Cannon  
  53  4:45  Pylon  
  53  4:46  Observer, Assimilator  
  54  5:03  Stalker  
  54  5:04  Zealot  
  54  5:05  Stalker  
  60  5:17  Stalker  
  60  5:20  Pylon  
  62  5:38  Adept x2, Zealot  
  62  5:40  Adept  
  70  5:48  Pylon  
  70  5:53  Twilight Council  
  70  6:16  Pylon  
  69  6:32  Sentry  
  71  6:40  Nexus  
  71  6:42  Stalker  
  72  6:50  Stalker  
  74  7:00  Zealot, Stalker  
  72  7:09  Stalker  
  74  7:50  Sentry  
  76  7:52  Probe x2  
  78  8:02  Pylon  
  78  8:03  Assimilator  
  78  8:19  Probe  
  79  8:20  Pylon  
  79  8:22  Probe  
  79  8:24  Dark Shrine  
  79  8:25  Assimilator  
  80  8:31  Probe  
  82  8:34  Probe  
  82  8:43  Probe  
  82  8:46  Probe  
  84  8:53  Stalker  
  84  8:54  Forge  
  84  8:55  Probe  
  87  8:59  Probe  
  88  9:07  Probe  
  78  9:26  Protoss Ground Weapons Level 1  
  78  9:27  Protoss Ground Armor Level 1  
  78  9:30  Probe  
  69  9:33  Probe  
  69  9:37  Dark Templar x2  
  70  9:42  Probe, Stalker  
  70  9:45  Probe, Stalker  
  74  9:55  Probe  
  74  9:57  Probe  
  76  10:05  Stalker  
  79  10:07  Probe  
  79  10:09  Probe, Stalker  
  79  10:10  Zealot  
  79  10:12  Pylon  
  79  10:19  Probe, Pylon  
  78  10:22  Probe  
  78  10:28  Sentry  
  81  10:31  Probe, Stalker  
  81  10:34  Probe  
  85  10:43  Probe  
  85  10:44  Zealot  
  85  10:45  Zealot  
  85  10:46  Probe  
  87  10:55  Probe  
  88  10:58  Probe  
  89  11:07  Probe  
  89  11:10  Probe  
  91  11:18  Pylon  
  91  11:19  Probe  
  91  11:24  Stalker, Zealot x2  
  98  11:26  Stalker  
  100  11:46  Pylon  
  100  11:52  Stalker  
  102  11:56  Stalker  
  102  12:00  Nexus  
  104  12:05  Zealot  
  104  12:08  Probe x2  
  94  12:20  Probe x2  
  92  12:32  Probe x2  
  92  12:33  Immortal  
  98  12:44  Probe  
  98  12:45  Probe  
  98  12:46  Archon  
  98  12:47  Dark Templar  
  102  12:56  Probe  
  103  12:58  Dark Templar  
  103  13:01  Probe  
  106  13:08  Probe  
  107  13:13  Probe  
  107  13:15  Probe  
  109  13:20  Probe  
  110  13:27  Probe  
  110  13:28  Probe  
  110  13:32  Probe  
  113  13:36  Immortal  
  113  13:39  Probe  
  116  13:44  Probe  
  116  13:45  Probe  
  116  13:51  Probe  
  113  13:57  Probe x2, Stalker  
  113  13:58  Stalker  
  113  14:02  Stalker  
  115  14:03  Probe  
  115  14:07  Stalker  
  115  14:09  Probe  
  115  14:10  Probe  
  115  14:15  Probe  
  113  14:20  Stalker  
  113  14:21  Probe, Stalker  
  113  14:22  Probe  
  115  14:25  Sentry  
  115  14:27  Probe  
  115  14:30  Stalker  
  118  14:33  Probe  
  118  14:34  Probe  
  116  14:39  Probe  
  116  14:43  Stalker  
  116  14:44  Sentry  
  116  14:45  Probe  
  118  14:47  Probe  
  118  14:52  Probe  
  113  14:53  Stalker x2  
  101  15:06  Stalker  
  103  15:07  Sentry  
  101  15:16  Zealot  
  101  15:17  Zealot  
  95  15:27  Immortal  
  93  15:29  Zealot  
  93  15:30  Adept  
  97  15:37  Zealot, Adept  
  99  15:43  Protoss Ground Weapons Level 2  
  99  15:46  Protoss Ground Armor Level 2  
  99  15:49  Stalker  
  97  15:50  Stalker  
  97  15:57  Sentry, Stalker  
  93  16:06  Pylon, Immortal  
  97  16:12  Photon Cannon, Stalker  
  97  16:14  Sentry  
  101  16:20  Adept  
  101  16:21  Stalker  
  101  16:25  Pylon, Nexus  
  105  16:29  Stargate  
  105  16:35  Zealot  
  105  16:37  Zealot  
  109  16:40  Zealot  
  109  16:44  Stalker  
  101  16:55  Photon Cannon, Stalker  
  101  16:57  Stalker  
  101  16:59  Photon Cannon  
  101  17:00  Zealot  
  103  17:01  Archon  
  103  17:07  Adept  
  105  17:12  Phoenix  
  107  17:18  Stalker  
  107  17:20  Zealot, Adept  
  113  17:27  Dark Templar  
  115  17:37  Phoenix  
  115  17:38  Probe  
  115  17:39  Probe x2  
  115  17:40  Zealot, Dark Templar  
  115  17:42  Sentry  
  126  17:53  Archon  
  126  17:59  Stalker  
  126  18:00  Stalker  
  126  18:02  Phoenix  
  126  18:04  Blink  
  126  18:05  Dark Templar  
  134  18:09  Pylon  
  134  18:12  Dark Templar  
  136  18:13  Assimilator  
  136  18:14  Assimilator  
  136  18:16  Immortal  
  140  18:22  Stalker  
  140  18:25  Stalker  
  140  18:26  Archon  
  144  18:27  Phoenix  
  144  18:30  Assimilator  
  144  18:32  Assimilator  
  146  18:35  Probe  
  146  18:37  Probe, Dark Templar  
  146  18:38  Probe x2  
  152  18:44  Photon Cannon, Dark Templar  
  152  18:47  Pylon  
  152  18:48  Stalker  
  156  18:49  Nexus  
  156  18:52  Phoenix  
  158  18:56  Probe, Immortal  
  158  18:57  Probe  
  158  18:58  Probe, Archon  
  165  19:15  Pylon  
  165  19:17  Phoenix  
  165  19:21  Photon Cannon  
  167  19:25  Photon Cannon, Adept  
  167  19:26  Sentry  
  167  19:27  Sentry  
  173  19:34  Gateway  
  173  19:35  Observer  
  173  19:36  Robotics Facility  
  174  19:44  Forge  
  174  19:47  Archon  
  174  19:54  Templar Archives  
  174  19:56  Stalker  
  180  20:03  Dark Templar  
Tags
 
Composition
Mass Adepts
Matchup
PvP
Replay Pack
First 100 games
Spawn Locations
Cross Positions
Add a new tag
Caveats
  • Supply blocks, unpowered buildings, or Contaminate may cause inaccurate times.
  • Supply counts are checked every 10 seconds.